 Dungeon Crawl Stone Soup version 0.29.1 (webtiles) character file.

Game seed: 10816801630878678849

107 hilljack the Ruffian (level 4, -2/25 HPs)
             Began as a Gargoyle Transmuter on Sept 13, 2022.
             Was a Believer of Kikubaaqudgha.
             Slain by an ogre
             ... wielding a +0 giant club
              (23 damage)
             ... on level 4 of the Dungeon.
             The game lasted 00:04:48 (2639 turns).

hilljack the Ruffian (Gargoyle Transmuter)          Turns: 2639, Time: 00:04:48

Health: -2/25      AC:  6    Str: 13    XL:     4   Next: 86%
Magic:  16/16      EV: 12    Int: 16    God:    Kikubaaqudgha [**....]
Gold:   214        SH:  0    Dex: 10    Spells: 6/7 levels left

rFire   . . .      SeeInvis .   a - +0 sling
rCold   . . .      Faith    .   (no shield)
rNeg    + . .      Spirit   .   j - +0 robe of the Stag {Regen+ MP+9}
rPois   ∞          Reflect  .   (no helmet)
rElec   +          Harm     .   (no cloak)
rCorr   +          Rampage  .   f - +0 pair of gloves
Will    .....                   (no boots)
Stlth   +.........              c - amulet of regeneration
HPRegen 1.68/turn               h - ring of resist corrosion
MPRegen 0.15/turn               (no ring)

@: no status effects
A: sickness immunity, AC +3, negative energy resistance 1, electricity
resistance, torment resistance 1, petrification resistance
a: Renounce Religion, Unearth Wretches


You were on level 4 of the Dungeon.
You worshipped Kikubaaqudgha.
Kikubaaqudgha was pleased with you.
You visited 1 branch of the dungeon, and saw 4 of its levels.

You collected 214 gold pieces.

Inventory:

Hand Weapons
 a - a +0 sling (weapon)
Armour
 f - a +0 pair of gloves (worn)
 j - the +0 robe of the Stag (worn) {Regen+ MP+9}
   (You found it on level 2 of the Dungeon)

   MP:        It affects your magic capacity (+9).
   Regen:     It increases your rate of health regeneration.
Jewellery
 c - an amulet of regeneration (around neck)
 h - a ring of resist corrosion (left hand)
Wands
 n - a wand of mindburst (12)
 q - a wand of iceblast (7)
Scrolls
 d - a scroll of enchant weapon {unknown}
 l - a scroll of identify
Potions
 b - a potion of lignification
 e - 3 potions of flight
 g - a potion of curing {unknown}
 i - a potion of attraction {unknown}
 k - a potion of heal wounds {unknown}
 m - a potion of ambrosia {unknown}
 p - a potion of berserk rage {unknown}


   Skills:
 - Level 1.1 Fighting
 + Level 2.1 Ranged Weapons
 + Level 2.5 Dodging
 + Level 4.1 Unarmed Combat
 - Level 2.0 Spellcasting
 - Level 1.5 Transmutations


You had 6 spell levels left.
You knew the following spells:

 Your Spells              Type           Power      Damage    Failure   Level
a - Beastly Appendage     Tmut           12%        N/A       11%         1

Your spell library contained the following spells:

 Spells                   Type           Power      Damage    Failure   Level
 Wereblood                Tmut           6%         N/A       17%         2
 Foxfire                  Conj/Fire      4%         2x1d4     21%         1
 Necrotise                Necr           4%         1d4       21%         1
 Spider Form              Tmut/Pois      4%         N/A       41%         3
 Conjure Flame            Conj/Fire      1%         6-21      52%         3
 Dazzling Flash           Conj/Hex       2%         N/A       52%         3
 Inner Flame              Hex/Fire       1%         N/A       52%         3
 Vampiric Draining        Necr           1%         2d6       52%         3
 Ice Form                 Ice/Tmut       4%         N/A       83%         4
 Anguish                  Hex/Necr       0%         N/A       90%         4
 Animate Dead             Necr           1%         N/A       90%         4
 Flame Wave               Conj/Fire      1%         2d4       90%         4
 Iskenderun's Mystic Bla  Conj/Tloc      1%         2d3       90%         4
 Starburst                Conj/Fire      0%         6d3       100%        6


Dungeon Overview and Level Annotations

Branches:
Dungeon (4/15)
 Temple: D:4-7

Altars:
Cheibriados
Kikubaaqudgha
Zin


Innate Abilities, Weirdness & Mutations

You are immune to sickness and miasma.
Your stone body is resilient. (AC +3)
You are immune to poison.
You resist negative energy. (rN+)
You are resistant to electric shocks. (rElec)
You are resistant to unholy torment.
You are immune to petrification.


Message History

The kobold shouts!
The kobold throws a stone.
The stone hits you.
You shoot a sling bullet.
The sling bullet closely misses the kobold.
You shoot a sling bullet.
The sling bullet closely misses the kobold.
You shoot a sling bullet. The sling bullet hits the kobold.
The kobold is severely wounded.
You shoot a sling bullet. The sling bullet hits the kobold.
You kill the kobold!
Kikubaaqudgha accepts your kill.
No target in view!
No target in view!
No target in view!
No target in view!
No target in view!
No target in view!
l - a scroll of identify An orc comes into view.
It is wielding a +0 mace.
Found a stone staircase leading down.
You shoot a sling bullet. The sling bullet hits the orc.
The orc shouts!
The orc is severely wounded.
You shoot a sling bullet. The sling bullet barely misses the orc.
You shoot a sling bullet. The sling bullet barely misses the orc.
An ogre comes into view. It is wielding a +0 giant club.
You shoot a sling bullet.
The sling bullet closely misses the orc.
You shoot a sling bullet. The sling bullet hits the orc.
You kill the orc!
Kikubaaqudgha accepts your kill.
You shoot a sling bullet. The sling bullet hits the ogre.
The ogre is lightly wounded.
The ogre hits you with a +0 giant club!
You shoot a sling bullet. The sling bullet hits the ogre!
The ogre is moderately wounded.
The ogre hits you with a +0 giant club!!
Ouch! That really hurt!
You die...
Kikubaaqudgha rasps: "You have failed me!
Welcome... oblivion!"

######### #.......# #.#
#.#####.#
.....#########.#####.##
#...)O@.......)......#
#......#######.#####..#
....... #........#
..#.##. ########.# . #
#. #.# #. #.## .. #...
.> #... #.##


You could see an ogre.

Vanquished Creatures
  2 adders
  2 dart slugs (D:1)
  4 orcs
  4 ball pythons
  3 bats
  7 endoplasms
  3 giant cockroaches
  2 goblins
  7 hobgoblins
  18 jackals
  5 quokkas
  7 frilled lizards
  4 kobolds
  3 rats
71 creatures vanquished.

Notes
Turn   | Place    | Note
-------+----------+-------------------------------------------
     0 | D:1      | hilljack the Gargoyle Transmuter began the quest for the
                  | Orb.
     0 | D:1      | Reached XP level 1. HP: 12/12 MP: 3/3
   165 | D:1      | Reached XP level 2. HP: 14/16 MP: 5/5
   382 | D:1      | Found a faded altar of an unknown god.
   468 | D:1      | Prayed at the altar of an unknown god.
   468 | D:1      | Became a worshipper of Kikubaaqudgha
   468 | D:1      | Reached * piety under Kikubaaqudgha
   468 | D:1      | Received a gift from Kikubaaqudgha
   573 | D:1      | Reached skill level 1 in Ranged Weapons
   747 | D:1      | Reached XP level 3. HP: 20/20 MP: 6/6
  1118 | D:2      | Identified the +0 robe of the Stag {Regen+ MP+9}
  1723 | D:2      | Reached XP level 4. HP: 25/25 MP: 7/7
  1756 | D:3      | Reached ** piety under Kikubaaqudgha
  1868 | D:3      | Found a glowing silver altar of Zin.
  2056 | D:3      | Reached skill level 4 in Unarmed Combat
  2391 | D:3      | Found a snail-covered altar of Cheibriados.
  2635 | D:4      | Noticed an ogre
  2639 | D:4      | Slain by an ogre

Illustrated notes

Levels and vault maps discovered:
D:1:      giann_wishing_wells, layout_basic,
          hellmonk_ecumenical_altar_inner_sanctum
D:2:      layout_basic, minmay_heptomino_l4
D:3:      layout_basic, chei_slow_surprise, mainiacjoe_overflow_surrounded_room,
          wander_ebering_terrifying_dragon_lair
D:4:      layout_loops_cross, mainiacjoe_overflow_large_starburst

Skill      XL: |  1  2  3  4 |
---------------+-------------+-----
Dodging        | 2 |  2.5
Ranged Weapons | 1 2 |  2.1
Unarmed Combat | 4 |  4.1
Fighting       | |  1.1
Spellcasting   | |  2.0
Transmutations | |  1.5

Action                   |  1- 3 |  4- 6 || total
-------------------------+-------+-------++-------
Melee: Unarmed           |    45 |    85 ||   130
       Punch             |     1 |     2 ||     3
 Fire: Sling             |   105 |    85 ||   190
  Use: Scroll            |       |     4 ||     4
Armor: Robe              |    42 |    78 ||   120
Dodge: Dodged            |    60 |   133 ||   193
